ITL
AMARILLO ARCHDUKES @ INDIANA HOUNDS
09/02/2025
 
TOP OF THE 1ST
Amarillo Archdukes batting - Pitching for Indiana Hounds : LHP Darren Blackwell
Pitching: LHP Darren Blackwell
Batting: LHB Michael Cook 0-0: Ball
1-0: Ball
2-0: Fly out, F9 (Flyball, 89XD)
Batting: LHB Howard Lambert 0-0: Ball
1-0: Foul Ball, location: 2F
1-1: Ground out 4-3 (Groundball, 4M)
Batting: RHB Ron James 0-0: Swinging Strike
0-1: Ball
1-1: Foul Ball, location: 2F
1-2: Ball
2-2: Ground out 4-3 (Groundball, 4)
Top of the 1st over - 0 run(s), 0 hit(s), 0 error(s), 0 left on base; Amarillo 0 - Indiana 0
BOTTOM OF THE 1ST
Indiana Hounds batting - Pitching for Amarillo Archdukes : RHP Jeff Lawson
Pitching: RHP Jeff Lawson
Batting: LHB Junior Coates 0-0: Called Strike
0-1: Called Strike
0-2: SINGLE (Groundball, 4MD)
Batting: RHB Víctor Chávez 0-0: Called Strike
0-1: Fly out, F8 (Flyball, 8RS)
Batting: RHB Doug Murray 0-0: Called Strike
0-1: Called Strike
0-2: Ball
1-2: 2-RUN HOME RUN (Line Drive, 7D), Distance : 364 ft
Batting: RHB Howard Daniel 0-0: Swinging Strike
0-1: Called Strike
0-2: Ball
1-2: SOLO HOME RUN (Flyball, 7D), Distance : 375 ft
Batting: RHB Danny Walker 0-0: Ball
1-0: Ball
2-0: Ball
3-0: Base on Balls
Batting: RHB Jorge Rodríguez 0-0: Ball
1-0: Ball
2-0: Foul Ball, location: 2F
2-1: Fly out, F3 (Popup, 34)
Batting: RHB Marc Ploughman 0-0: Fielders Choice at 2nd, U6 (Groundball, 6M)
Bottom of the 1st over - 3 run(s), 3 hit(s), 0 error(s), 1 left on base; Amarillo 0 - Indiana 3
TOP OF THE 2ND
Amarillo Archdukes batting - Pitching for Indiana Hounds : LHP Darren Blackwell
Batting: RHB Dave Parker 0-0: Ball
1-0: Fly out, F8 (Flyball, 8LXD)
Batting: LHB Chris Pryor 0-0: Swinging Strike
0-1: Called Strike
0-2: Foul Ball, location: 2F
0-2: Fly out, F6 (Popup, 56D)
Batting: LHB Jorge Martínez 0-0: Ball
1-0: Fly out, F8 (Flyball, 8RXD)
Top of the 2nd over - 0 run(s), 0 hit(s), 0 error(s), 0 left on base; Amarillo 0 - Indiana 3
BOTTOM OF THE 2ND
Indiana Hounds batting - Pitching for Amarillo Archdukes : RHP Jeff Lawson
Batting: LHB Pepe Vázquez 0-0: Foul Ball, location: 2F
0-1: Swinging Strike
0-2: Foul Ball, location: 2F
0-2: Strikes out swinging
Batting: RHB Paco Castillo 0-0: Ball
1-0: SINGLE (Flyball, 9LM)
Batting: LHB Junior Coates 0-0: Ball
1-0: Called Strike
1-1: Ball
2-1: Foul Ball, location: 2F
2-2: Foul Ball, location: 2F
2-2: Ball
3-2: Fly out, F7 (Flyball, 7LM)
Batting: RHB Víctor Chávez 0-0: Ball
1-0: Foul Ball, location: 2F
1-1: Ground out 5-3 (Groundball, 5S)
Bottom of the 2nd over - 0 run(s), 1 hit(s), 0 error(s), 1 left on base; Amarillo 0 - Indiana 3
TOP OF THE 3RD
Amarillo Archdukes batting - Pitching for Indiana Hounds : LHP Darren Blackwell
Batting: RHB Miguel Hernández 0-0: Ball
1-0: Fly out, F7 (Flyball, 78D)
Batting: RHB David Alonso 0-0: Swinging Strike
0-1: Swinging Strike
0-2: Strikes out looking
Batting: RHB Nobuharu Hoshino 0-0: Foul Ball, location: 2F
0-1: Called Strike
0-2: Strikes out swinging
Top of the 3rd over - 0 run(s), 0 hit(s), 0 error(s), 0 left on base; Amarillo 0 - Indiana 3
BOTTOM OF THE 3RD
Indiana Hounds batting - Pitching for Amarillo Archdukes : RHP Jeff Lawson
Batting: RHB Doug Murray 0-0: Ball
1-0: Called Strike
1-1: Ball
2-1: Swinging Strike
2-2: SOLO HOME RUN (Flyball, 78XD), Distance : 377 ft
Batting: RHB Howard Daniel 0-0: Foul Ball, location: 2F
0-1: Fly out, F5 (Popup, 56S)
Batting: RHB Danny Walker 0-0: TRIPLE (Flyball, 8RXD)
Batting: RHB Jorge Rodríguez 0-0: Swinging Strike
0-1: Called Strike
0-2: Foul Ball, location: 2F
0-2: Strikes out swinging
Batting: RHB Marc Ploughman 0-0: Ball
1-0: Called Strike
1-1: Ball
2-1: Foul Ball, location: 2F
2-2: Foul Ball, location: 2F
2-2: DOUBLE (Line Drive, 4MD)
Danny Walker scores
Batting: LHB Pepe Vázquez 0-0: Swinging Strike
0-1: Ground out 4-3 (Groundball, 34)
Bottom of the 3rd over - 2 run(s), 3 hit(s), 0 error(s), 1 left on base; Amarillo 0 - Indiana 5
TOP OF THE 4TH
Amarillo Archdukes batting - Pitching for Indiana Hounds : LHP Darren Blackwell
Batting: LHB Michael Cook 0-0: Ball
1-0: Fly out, F9 (Flyball, 9S)
Batting: LHB Howard Lambert 0-0: Called Strike
0-1: Ball
1-1: Ball
2-1: SINGLE (Line Drive, 89M)
Batting: RHB Ron James 0-0: Foul Ball, location: 2F
0-1: Foul Ball, location: 2F
0-2: Grounds into double play, 6-4-3 (Groundball, 6)
Top of the 4th over - 0 run(s), 1 hit(s), 0 error(s), 0 left on base; Amarillo 0 - Indiana 5
BOTTOM OF THE 4TH
Indiana Hounds batting - Pitching for Amarillo Archdukes : RHP Jeff Lawson
Batting: RHB Paco Castillo 0-0: Ball
1-0: DOUBLE (Line Drive, 7LS)
Batting: LHB Junior Coates 0-0: Swinging Strike
0-1: Ball
1-1: Ball
2-1: Swinging Strike
2-2: Ball
3-2: Foul Ball, location: 2F
3-2: Base on Balls
Batting: RHB Víctor Chávez 0-0: Foul Ball, location: 2F
0-1: Ball
1-1: Ball
2-1: Ball
3-1: SINGLE (Line Drive, 6D)
Paco Castillo to third
Junior Coates to second
Runner from 3rd tries for Home, SAFE, no throw or cutoff
Batting: RHB Doug Murray 0-0: Ball
1-0: Called Strike
1-1: Ball
2-1: Ball
3-1: Base on Balls
Junior Coates to third
Víctor Chávez to second
Batting: RHB Howard Daniel 0-0: Called Strike
0-1: Foul Ball, location: 2F
0-2: Ball
1-2: Ball
2-2: SINGLE (Line Drive, 34)
Junior Coates scores
Víctor Chávez to third
Doug Murray to second
Pitching: LHP Ron Hamilton
Batting: RHB Danny Walker 0-0: Foul Ball, location: 2F
0-1: Foul Ball, location: 2F
0-2: Fly out, F3 (Popup, 3SF)
Batting: RHB Jorge Rodríguez 0-0: Ball
1-0: Called Strike
1-1: Foul Ball, location: 2F
1-2: Ball
2-2: Foul Ball, location: 2F
2-2: Ball
3-2: Base on Balls
Víctor Chávez scores
Doug Murray to third
Howard Daniel to second
Batting: RHB Marc Ploughman 0-0: Called Strike
0-1: Ball
1-1: Foul Ball, location: 2F
1-2: Strikes out swinging
Batting: LHB Pepe Vázquez 0-0: Swinging Strike
0-1: Ball
Wild Pitch!
Doug Murray scores
Howard Daniel to third
Jorge Rodríguez to second
1-1: Swinging Strike
1-2: Foul Ball, location: 2F
1-2: Strikes out swinging
Bottom of the 4th over - 4 run(s), 3 hit(s), 0 error(s), 2 left on base; Amarillo 0 - Indiana 9
TOP OF THE 5TH
Amarillo Archdukes batting - Pitching for Indiana Hounds : LHP Darren Blackwell
Batting: RHB Dave Parker 0-0: Ball
1-0: Ball
2-0: Foul Ball, location: 2F
2-1: Ground out U3 (Groundball, 3)
Batting: LHB Chris Pryor 0-0: Called Strike
0-1: Called Strike
0-2: Ball
1-2: Ball
2-2: Ball
3-2: Ground out 1-3 (Groundball, 34S)
Batting: LHB Jorge Martínez 0-0: Ball
1-0: Ground out 1-3 (Groundball, 13)
Top of the 5th over - 0 run(s), 0 hit(s), 0 error(s), 0 left on base; Amarillo 0 - Indiana 9
BOTTOM OF THE 5TH
Indiana Hounds batting - Pitching for Amarillo Archdukes : LHP Ron Hamilton
Batting: RHB Paco Castillo 0-0: Ball
1-0: Fly out, F7 (Flyball, 7M)
Batting: LHB Junior Coates 0-0: Ball
1-0: Ball
2-0: Foul Ball, location: 2F
2-1: Foul Ball, location: 2F
2-2: Hit by Pitch
Batting: RHB Víctor Chávez 0-0: Called Strike
0-1: Hit by Pitch
Junior Coates to second
Batting: RHB Doug Murray 0-0: Called Strike
0-1: Ball
1-1: Ball
2-1: Ball
3-1: Base on Balls
Junior Coates to third
Víctor Chávez to second
Batting: RHB Howard Daniel 0-0: Ball
1-0: Ball
2-0: Called Strike
2-1: Foul Ball, location: 2F
2-2: Ball
3-2: Foul Ball, location: 2F
3-2: Strikes out looking
Batting: RHB Danny Walker 0-0: Swinging Strike
0-1: Swinging Strike
0-2: Ball
1-2: Ball
2-2: Strikes out swinging
Bottom of the 5th over - 0 run(s), 0 hit(s), 0 error(s), 3 left on base; Amarillo 0 - Indiana 9
TOP OF THE 6TH
Amarillo Archdukes batting - Pitching for Indiana Hounds : LHP Darren Blackwell
Batting: RHB Miguel Hernández 0-0: Called Strike
0-1: Swinging Strike
0-2: Ball
1-2: Foul Ball, location: 2F
1-2: Fly out, F8 (Flyball, 8LS)
Batting: RHB David Alonso 0-0: Called Strike
0-1: Foul Ball, location: 2F
0-2: Strikes out swinging
Batting: RHB Nobuharu Hoshino 0-0: Ball
1-0: Foul Ball, location: 2F
1-1: Called Strike
1-2: Foul Ball, location: 2F
1-2: Strikes out swinging
Top of the 6th over - 0 run(s), 0 hit(s), 0 error(s), 0 left on base; Amarillo 0 - Indiana 9
BOTTOM OF THE 6TH
Indiana Hounds batting - Pitching for Amarillo Archdukes : LHP Ron Hamilton
Batting: RHB Jorge Rodríguez 0-0: SINGLE (Groundball, 34D)
Batting: RHB Marc Ploughman 0-0: Foul Ball, location: 2F
0-1: Ball
1-1: Foul Ball, location: 2F
1-2: Foul Ball, location: 2F
1-2: Foul Ball, location: 2F
1-2: Ball
2-2: Ball
3-2: SINGLE (Flyball, 8LS)
Jorge Rodríguez to second
Batting: LHB Pepe Vázquez 0-0: Ball
1-0: Ball
2-0: Ball
3-0: Base on Balls
Jorge Rodríguez to third
Marc Ploughman to second
Batting: RHB Paco Castillo 0-0: Called Strike
0-1: Swinging Strike
0-2: Strikes out looking
Batting: LHB Junior Coates 0-0: Called Strike
0-1: Called Strike
0-2: Foul Ball, location: 2F
0-2: Strikes out looking
Batting: RHB Víctor Chávez 0-0: Ball
1-0: Foul Ball, location: 2F
1-1: Foul Ball, location: 2F
1-2: Strikes out swinging
Bottom of the 6th over - 0 run(s), 2 hit(s), 0 error(s), 3 left on base; Amarillo 0 - Indiana 9
TOP OF THE 7TH
Amarillo Archdukes batting - Pitching for Indiana Hounds : LHP Darren Blackwell
Batting: LHB Michael Cook 0-0: Called Strike
0-1: Foul Ball, location: 2F
0-2: Ball
1-2: Ball
2-2: Foul Ball, location: 2F
2-2: Ground out 4-3 (Groundball, 34)
Batting: LHB Howard Lambert 0-0: Foul Ball, location: 2F
0-1: Ball
1-1: Ball
2-1: Fly out, F3 (Line Drive, 3S)
Batting: RHB Ron James 0-0: Called Strike
0-1: Called Strike
0-2: Fly out, F8 (Line Drive, 8RS)
Top of the 7th over - 0 run(s), 0 hit(s), 0 error(s), 0 left on base; Amarillo 0 - Indiana 9
BOTTOM OF THE 7TH
Indiana Hounds batting - Pitching for Amarillo Archdukes : LHP Ron Hamilton
Pitching: LHP Kevin Andrews
Batting: RHB Doug Murray 0-0: Ball
1-0: Called Strike
1-1: Called Strike
1-2: Strikes out looking
Batting: RHB Howard Daniel 0-0: Swinging Strike
0-1: Ground out 6-3 (Groundball, 6)
Batting: RHB Danny Walker 0-0: Ball
1-0: Ball
2-0: Ball
3-0: Base on Balls
Batting: RHB Jorge Rodríguez 0-0: Called Strike
0-1: Called Strike
0-2: Strikes out swinging
Bottom of the 7th over - 0 run(s), 0 hit(s), 0 error(s), 1 left on base; Amarillo 0 - Indiana 9
TOP OF THE 8TH
Amarillo Archdukes batting - Pitching for Indiana Hounds : LHP Darren Blackwell
Batting: RHB Dave Parker 0-0: Ball
1-0: Ball
2-0: Ball
3-0: Called Strike
3-1: Swinging Strike
3-2: Fly out, F3 (Popup, 3L)
Batting: LHB Chris Pryor 0-0: Ball
1-0: Ground out 1-3 (Groundball, 13S)
Batting: LHB Jorge Martínez 0-0: Ball
1-0: Ball
2-0: Foul Ball, location: 2F
2-1: Swinging Strike
2-2: Strikes out swinging
Top of the 8th over - 0 run(s), 0 hit(s), 0 error(s), 0 left on base; Amarillo 0 - Indiana 9
BOTTOM OF THE 8TH
Indiana Hounds batting - Pitching for Amarillo Archdukes : LHP Kevin Andrews
Batting: RHB Marc Ploughman 0-0: Ball
1-0: Called Strike
1-1: Ball
2-1: Ball
3-1: Reached on error, E5 (Groundball, 56)
Batting: LHB Pepe Vázquez 0-0: Ball
Marc Ploughman steals 2nd base
1-0: Foul Ball, location: 2F
1-1: Foul Ball, location: 2F
Balk!
Marc Ploughman to third
1-2: Ball
2-2: Fly out, F2 (Popup, 2LF)
Batting: RHB Paco Castillo 0-0: Swinging Strike
0-1: Ball
Wild Pitch!
Marc Ploughman scores
1-1: Ball
2-1: Ball
3-1: Called Strike
3-2: SINGLE (Line Drive, 7LS)
Batting: LHB Junior Coates
Pinch Hitting: LHB Dave Helásquez 0-0: Called Strike
0-1: Fielders Choice at 2nd, 3-6 (Groundball, 3)
Batting: RHB Víctor Chávez 0-0: Ball
1-0: Called Strike
1-1: Ball
2-1: Ball
3-1: Called Strike
3-2: Base on Balls
Dave Helásquez to second
Batting: RHB Doug Murray 0-0: Ball
1-0: Foul Ball, location: 2F
1-1: Foul Ball, location: 2F
1-2: Hit by Pitch
Dave Helásquez to third
Víctor Chávez to second
Batting: RHB Howard Daniel 0-0: Ball
1-0: Fly out, F9 (Flyball, 9M)
Bottom of the 8th over - 1 run(s), 1 hit(s), 1 error(s), 3 left on base; Amarillo 0 - Indiana 10
TOP OF THE 9TH
Amarillo Archdukes batting - Pitching for Indiana Hounds : LHP Darren Blackwell
Now at 3B: Dave Helásquez
Batting: RHB Miguel Hernández 0-0: Ball
1-0: Foul Ball, location: 2F
1-1: Ball
2-1: Foul Ball, location: 2F
2-2: Strikes out swinging
Pitching: LHP Dennis Taylor
Batting: RHB David Alonso 0-0: Called Strike
0-1: Called Strike
0-2: Ball
1-2: Foul Ball, location: 2F
1-2: Ground out 6-3 (Groundball, 6)
Batting: RHB Nobuharu Hoshino 0-0: Ball
1-0: Ball
2-0: Called Strike
2-1: Swinging Strike
2-2: Ball
3-2: Fly out, F9 (Flyball, 89D)
Top of the 9th over - 0 run(s), 0 hit(s), 0 error(s), 0 left on base; Amarillo 0 - Indiana 10
This league is powered by Out of the Park Baseball, the baseball management simulation game for PC, Mac and Linux
Tuesday, August 2nd, 2016 - OOTP Baseball 16.8 Build 38